 Dungeon Sprint DCSS version 0.27.1 (webtiles) character file.

Game seed: 10338534851414159676

179 styxcanada the Covert (level 5, -4/28 HPs)
             Began as a Spriggan Brigand on Aug 31, 2021.
             Was an Initiate of Gozag.
             Slain by a spriggan (15 damage)
             ... in the Dungeon (Sprint IV: "Fedhas' Mad Dash").
             The game lasted 00:02:13 (375 turns).

styxcanada the Covert (Spriggan Brigand)             Turns: 375, Time: 00:02:14

Health: -4/28      AC:  3    Str:  7    XL:     5   Next: 33%
Magic:  5/6        EV: 19    Int: 12    God:    Gozag
Gold:   206        SH:  0    Dex: 18    Spells: 4/4 levels left

rFire    . . .     SeeInvis +   a - +2 dagger
rCold    . . .     Faith    .   (shield restricted)
rNeg     . . .     Spirit   .   b - +0 robe
rPois    .         Reflect  .   (helmet restricted)
rElec    .         Harm     .   c - +0 cloak
rCorr    .         Rampage  .   (gloves unavailable)
Will     .....     NoTele   +   (boots unavailable)
Stlth    ++++++....             l - amulet of invisibility {+Inv}
HPRegen  0.09/turn              (no ring)
MPRegen  0.10/turn              (no ring)

@: gold aura, very slightly contaminated, invisible, very quick
A: very small, no large weapons, unfitting armour, see invisible, speed 3
a: Renounce Religion, Evoke Invisibility, Potion Petition, Call Merchant, Bribe
Branch


You were in the Dungeon.
You worshipped Gozag.
Gozag was aware of your devotion.
You visited 1 branch You collected 206 gold pieces.

Inventory:

Hand Weapons
 a - a +2 dagger (weapon)
Missiles
 d - 7 poisoned darts (quivered)
 e - 2 curare-tipped darts
 m - 24 stones
Armour
 b - a +0 robe (worn)
 c - a +0 cloak (worn)
Jewellery
 l - the amulet of invisibility (around neck) {+Inv}
   (You found it in the Dungeon)

   [amulet of nothing]

   +Inv:      It lets you turn invisible.
Scrolls
 k - a scroll of blinking
Potions
 f - a potion of curing
 g - a potion of heal wounds
 h - a potion of haste
 i - 2 potions of magic
 j - a potion of berserk rage


   Skills:
 * Level 3.3 Fighting
 + Level 3.2 Short Blades
 + Level 3.4 Throwing
 * Level 4.8 Dodging
 * Level 14.1 Stealth
 * Level 1.7 Evocations


You had 4 spell levels left.
You didn't know any spells.
Your spell library was empty.

Dungeon Overview and Level Annotations

Branches:
Dungeon (1/1)

Altars:
Cheibriados
Dithmenos
Elyvilon
Gozag
Hepliaklqana
Kikubaaqudgha
Makhleb
Nemelex Xobeh
Okawaru
Qazlal
Ru
Sif Muna
Trog
Uskayaw
Vehumet
Wu Jian
Xom
Yredelemnul
Zin
The Shining One
Beogh
Jiyva
Lugonu


Innate Abilities, Weirdness & Mutations

You are very small and have problems with some larger weapons.
You are too small for most types of armour.
You have supernaturally acute eyesight. (SInv)
You cover ground extremely quickly. (Speed+++)


Message History

You start resting.
Magic restored.
You start resting.
Your magical contamination has completely faded away.
You start resting.
HP restored.
You fail to use your ability.
You fail to use your ability.
You fail to use your ability.
You fail to use your ability.
You fail to use your ability.
You fade into invisibility!
You are very lightly contaminated with residual magic.
You open the door.
An oklob sapling wizard comes into view.
Marking area around an oklob sapling as unsafe for travelling.
Found 12 gold pieces and 13 arrows.
There is an open door here.
The helpless oklob sapling wizard fails to defend itself.
You spit the oklob sapling wizard like a pig!!!
You destroy the oklob sapling wizard!
Your Stealth skill increases to level 14!
Your Evocations skill increases to level 1!
Unknown command.
You now have 194 gold pieces (gained 72).
You now have 206 gold pieces (gained 12).
You open the door.
A scorpion and 2 spriggans come into view.
Found 34 gold pieces.
There is an open door here.
The spriggan shouts! x2
The scorpion misses you.
You see here 9 gold pieces.
The spriggan hits you with a +0 dagger! The spriggan completely misses you.
You hit the scorpion but do no damage. The scorpion stings you.
You closely miss the scorpion. The spriggan hits you with a +0 dagger.
The spriggan hits you with a +0 short sword!
Ouch! That really hurt!
You die...
Your body crumbles into a pile of gold.

###################
._._._._.⌠.#..'s@i#
_._._._._..'..#i.$#
._._._._...#..###+#
$$ _._._._._..#.(#
$ ._._._._.⌠.####
############ $


You could see 2 spriggans and a scorpion.

Vanquished Creatures
  A scorpion (D)
  3 oklob saplings (D)
  A river rat (D)
  A rat (D)
6 creatures vanquished.

Vanquished Creatures (others)
  2 fungi (D)
2 creatures vanquished.

Grand Total: 8 creatures vanquished

Notes
Turn   | Place    | Note
-------+----------+-------------------------------------------
     0 | D        | styxcanada the Spriggan Brigand began the quest for the
                  | Orb.
     0 | D        | Reached XP level 1. HP: 10/10 MP: 2/2
    18 | D        | Reached skill level 7 in Stealth
    18 | D        | Reached XP level 2. HP: 15/15 MP: 3/3
    19 | D        | Reached skill level 8 in Stealth
    38 | D        | Noticed an oklob sapling
    40 | D        | Killed an oklob sapling
    41 | D        | Reached skill level 9 in Stealth
    41 | D        | Reached XP level 3. HP: 18/18 MP: 4/4
    42 | D        | Noticed a scorpion
    42 | D        | Found the amulet of invisibility {+Inv}
    44 | D        | Killed a scorpion
    45 | D        | Reached skill level 12 in Stealth
    45 | D        | Reached XP level 4. HP: 23/23 MP: 5/5
    73 | D        | Found an opulent altar of Gozag.
    73 | D        | Found a hazy altar of Hepliaklqana.
    73 | D        | Found a burning altar of Makhleb.
    73 | D        | Found a sparkling altar of Nemelex Xobeh.
    73 | D        | Found a snail-covered altar of Cheibriados.
    73 | D        | Found a sacrificial altar of Ru.
    73 | D        | Found a shimmering blue altar of Sif Muna.
    73 | D        | Found a shimmering altar of Xom.
    73 | D        | Found a basalt altar of Yredelemnul.
    74 | D        | Found a viscous altar of Jiyva.
    74 | D        | Found a bloodstained altar of Trog.
    74 | D        | Found an ornate altar of the Wu Jian Council.
    75 | D        | Found an iron altar of Okawaru.
    75 | D        | Found a shadowy altar of Dithmenos.
    75 | D        | Found a glowing silver altar of Zin.
    76 | D        | Found an ancient bone altar of Kikubaaqudgha.
    76 | D        | Found a hide-covered altar of Uskayaw.
    77 | D        | Found a stormy altar of Qazlal.
    77 | D        | Found a white marble altar of Elyvilon.
    77 | D        | Found a glowing golden altar of the Shining One.
    78 | D        | Became a worshipper of Gozag Ym Sagoz the Greedy
    79 | D        | Found a corrupted altar of Lugonu.
    79 | D        | Found a radiant altar of Vehumet.
    84 | D        | Reached skill level 13 in Stealth
    84 | D        | Reached XP level 5. HP: 3/28 MP: 3/6
   366 | D        | Reached skill level 14 in Stealth
   366 | D        | Reached skill level 1 in Evocations
   375 | D        | Slain by a spriggan

Illustrated notes

Levels and vault maps discovered:
D:        dungeon_sprint_fedhas [sprint_temple]

Skill      XL: |  1  2  3  4  5 |
---------------+----------------+-----
Dodging        | 2 3 4 |  4.8
Stealth        | 7 9 12 13 14 | 14.1
Fighting       | 2 3 |  3.3
Short Blades   | 3 |  3.2
Throwing       | 3 |  3.4
Evocations     | 1 |  1.7

Action                   |  1- 3 |  4- 6 || total
-------------------------+-------+-------++-------
Melee: Dagger            |     7 |     5 ||    12
Throw: Dart              |     8 |       ||     8
 Abil: Evoke Invisibilit |       |     2 ||     2
 Stab: Sleeping          |     2 |     1 ||     3
       Invisible         |       |     1 ||     1
Dodge: Dodged            |     3 |     2 ||     5
